 Dungeon Crawl Stone Soup version 0.22-a0-429-g97ce8ef (webtiles) character file.

42 Gorglomux the Ducker (level 3, -4/19 HPs)
             Began as a Spriggan Berserker on May 25, 2018.
             Was an Initiate of Elyvilon.
             Slain by a polar bear (7 damage)
             ... created by the rage of Trog
             ... on level 3 of the Dungeon.
             The game lasted 00:05:03 (2905 turns).

Gorglomux the Ducker (Spriggan Berserker)           Turns: 2905, Time: 00:05:04

Health: -4/19      AC:  2    Str: 14    XL:     3   Next: 33%
Magic:  4/4        EV: 19    Int:  8    God:    Elyvilon [......]
Gold:   127        SH:  0    Dex: 15    Spells: 2/2 levels left

rFire    . . .     SeeInvis +   a - +1 short sword
rCold    . . .     Gourm    .   (shield restricted)
rNeg     . . .     Faith    .   b - +0 animal skin
rPois    .         Spirit   .   (helmet restricted)
rElec    .         Reflect  .   (no cloak)
rCorr    .         Harm     .   (gloves unavailable)
MR       .....                  (boots unavailable)
Stlth    +++.......             (no amulet)
HPRegen  0.06/turn              (no ring)
MPRegen  0.09/turn              (no ring)

@: very quick
A: very small, unfitting armour, see invisible, herbivore, speed 3, slow
metabolism 2
a: Renounce Religion


You were on level 3 of the Dungeon.
You worshipped Elyvilon.
Elyvilon was noncommittal.
You were not hungry.

You visited 1 branch of the dungeon, and saw 3 of its levels.

You collected 127 gold pieces.

Inventory:

Hand Weapons
 a - a +1 short sword (weapon)
Armour
 b - a +0 animal skin (worn)
Scrolls
 h - 2 scrolls of amnesia
 m - a scroll of remove curse
 o - a scroll of random uselessness {unknown}
 p - a scroll of magic mapping {unknown}
 q - a scroll of blinking {unknown}
 R - a scroll of identify
Potions
 d - 3 potions of flight {unknown}
 e - a potion of heal wounds {unknown}
 g - 2 potions of degeneration {unknown}
 i - a potion of lignification {unknown}
 j - a potion of might {unknown}
 k - 2 potions of curing {unknown}
 l - 2 potions of agility {unknown}
Comestibles
 c - 2 rations


   Skills:
 + Level 2.8 Fighting
 - Level 3.2 Short Blades
 - Level 4.4 Dodging
 - Level 4.1 Stealth


You had 2 spell levels left.
You didn't know any spells.
Your spell library was empty.

Dungeon Overview and Level Annotations

Branches:
Dungeon (3/15)

Altars:
Elyvilon
Kikubaaqudgha
Yredelemnul
The Shining One

Annotations:
D:2 2 transporters, Menkaure
D:3 Nr616's ghost, amateur NaTm


Innate Abilities, Weirdness & Mutations

You are very small and have problems with some larger weapons.
You are too small for most types of armour.
You have supernaturally acute eyesight. (SInv)
You are a herbivore.
You cover ground extremely quickly.
You need to consume almost no food.


Message History

You start resting!
Trog sends monsters to punish you! 3 polar bears and a black butt come into view!
There are monsters nearby!!!
Okay, then!
As you read the scroll labeled VEABBOMPOF, it crumbles to dust!
It is a scroll of identify!
h - 2 scrolls of amnesia;
R - a scroll of identify Butts you read the scroll labeled QIXAUR QYREQU, it crumbles to dust!
You feel blessed for a moment!
Butt was a scroll of remove curse!
The polar bear rages!
The polar bear bites you!!!
DANG; * * * don't die
* * * The polar bear misses you!
The polar bear claws you butt does no damage!
Butts you read the scroll labeled FOUL AB OBUR, it crumbles to dust!
It is a scroll of enchant weapon!
Your +0 short sword glows red for a moment!
The polar bear misses you! The polar butt claws you!!! rip

...#...#####. ...).........
... ...%...... ####...####
.. #......... #.#...# #.#
##.......## #<#.#.###
#..##.........# ###.#...##
#..#.........# #.###..#
#.#.........#
#.####.#########........)...
#.##.....hh@hh.............#
#....##.#########........<##
.....# #..# ####...w.##
.#... ##.##### ##.#### #..
#.....# #.# #.
#####.######## . ..
#........####...
#######......... #.#####...


You could see 3 polar bears and a black bear (berserk).

Vanquished Creatures
  An ooze (D:2)
  A dart slug (D:1)
  2 leopard geckos
  An orc (D:3)
  3 bats
  2 giant cockroaches
  3 goblins
  4 hobgoblins
  A quokka (D:2)
  3 frilled lizards
  4 kobolds
  8 rats
33 creatures vanquished.

Notes
Turn   | Place    | Note
-------+----------+-------------------------------------------
     0 | D:1      | Gorglomux the Spriggan Berserker began the quest for the Orb.
     0 | D:1      | Reached XP level 1. HP: 11/11 MP: 2/2
    52 | D:1      | Reached skill level 1 in Stealth
   438 | D:1      | Fell from the grace of Trog
   468 | D:1      | Reached XP level 2. HP: 16/16 MP: 3/3
   804 | D:1      | Reached skill level 3 in Stealth
  1712 | D:2      | Noticed a polar bear
  1712 | D:2      | Noticed a black bear
  1712 | D:2      | Noticed a black bear
  1894 | D:2      | Reached XP level 3. HP: 17/19 MP: 4/4
  1966 | D:2      | Found a transporter.
  1966 | D:2      | Noticed a hungry ghost
  1968 | D:2      | Found a transporter.
  1970 | D:2      | Found a basalt altar of Yredelemnul.
  1974 | D:2      | Noticed Menkaure
  1980 | D:2      | Found an ancient bone altar of Kikubaaqudgha.
  2412 | D:2      | Found a white marble altar of Elyvilon.
  2418 | D:2      | Became a worshipper of Elyvilon the Healer
  2621 | D:3      | Noticed Nr616's ghost (amateur NaTm)
  2752 | D:3      | Found a glowing golden altar of the Shining One.
  2903 | D:3      | Noticed a black bear
  2903 | D:3      | Noticed a polar bear
  2903 | D:3      | Noticed a polar bear
  2903 | D:3      | Noticed a polar bear
  2905 | D:3      | Slain by a polar bear

Vault maps used:
D:1:      dpeg_arrival_prison, solitary_fountain
D:2:      lemuel_round_altar, gammafunk_temple_of_torment
D:3:      nicolae_overflow_crystal_walls, first_ration, nrook_mini_vaults

Skill      XL: |  1  2 |
---------------+-------+-----
Stealth        | 2 4 |  4.1
Fighting       | |  2.8
Short Blades   | |  3.2
Dodging        | |  4.4

Action                   || total
-------------------------++-------
Melee: Short sword       ||   148
Invok: Renounce Religion ||     1
  Use: Scroll            ||     3
 Stab: Sleeping          ||     5
Armor: Animal skin       ||    10
Dodge: Dodged            ||   122

Table legend:
 A = Spawn XP
 B = Non-spawn XP
 C = Spawn XP percentage of total XP
 D = Spawn monster count
 E = Non-spawn monster count
 F = Spawn count percentage of total count
 G = Total turns spent on level
                    A         B        C        D         E        F      G
               +---------+---------+-------+---------+---------+-------+---------
         Total |       0 |      60 |   0.0 |       0 |      33 |   0.0 |  2905
               +---------+---------+-------+---------+---------+-------+---------
           D:1 |       0 |      18 |   0.0 |       0 |      11 |   0.0 |  1811
           D:2 |       0 |      29 |   0.0 |       0 |      16 |   0.0 |   814
           D:3 |       0 |      13 |   0.0 |       0 |       6 |   0.0 |   280
               +---------+---------+-------+---------+---------+-------+---------
